 Dungeon Crawl Stone Soup version 0.24.1-14-gf8d2b509d9 (webtiles) character file.

Game seed: 5887137321904016432, levelgen mode: deterministic

6087 H0rd4k the Thaumaturge (level 10, -6/52 HPs)
             Began as a Deep Elf Wizard on May 19, 2020.
             Was an Initiate of Gozag.
             Shot with an arrow by a centaur warrior (26 damage)
             ... on level 9 of the Dungeon.
             The game lasted 00:32:40 (11326 turns).

H0rd4k the Thaumaturge (Deep Elf Wizard)           Turns: 11326, Time: 00:32:41

Health: -6/52      AC:  5    Str:  4    XL:     10   Next: 58%
Magic:  9/29       EV: 14    Int: 27    God:    Gozag
Gold:   679        SH:  0    Dex: 13    Spells: 24/36 levels left

rFire    . . .     SeeInvis .   r - staff of wizardry
rCold    . . .     Gourm    .   (no shield)
rNeg     . . .     Faith    .   Q - +2 robe {MR+}
rPois    .         Spirit   .   b - +1 hat
rElec    .         Reflect  .   n - scarf {repulsion}
rCorr    .         Harm     .   (no gloves)
MR       ++...                  (no boots)
Stlth    +++.......             (no amulet)
HPRegen  0.17/turn              (no ring)
MPRegen  0.21/turn              (no ring)

@: gold aura, repel missiles
A: no striking features
a: Potion Petition, Call Merchant, Bribe Branch, Renounce Religion


You were on level 9 of the Dungeon.
You worshipped Gozag.
Gozag was pleased with you.
You were not hungry.

You visited 2 branches of the dungeon, and saw 10 of its levels.
You also visited: Ossuary.

You collected 782 gold pieces.
You paid 103 gold pieces to Gozag.

Inventory:

Hand Weapons
 G - the +8 autumn katana {slice, Clar}
   (You found it on level 7 of the Dungeon)

   It inflicts extra damage upon your enemies.
   It protects you against confusion.
 L - a +2 short sword of venom
Missiles
 p - 38 poisoned darts (quivered)
 t - 7 boomerangs of dispersal
Armour
 a - a +0 robe
 b - a +1 hat (worn)
 n - a scarf of repulsion (worn)
 Q - a +2 robe of magic resistance (worn)
Magical Staves
 r - an uncursed staff of wizardry (weapon)
 J - an uncursed staff of air
Jewellery
 C - an uncursed ring of protection from fire
 I - an uncursed ring of protection from cold {unknown}
 K - an uncursed ring of protection from fire
 M - an uncursed ring of flight {unknown}
Wands
 j - a wand of digging (7)
 B - a wand of random effects (54)
 D - a wand of flame (1)
Scrolls
 c - 2 scrolls of magic mapping
 f - 7 scrolls of identify
 g - 3 scrolls of remove curse {unknown}
 i - 4 scrolls of enchant armour
 x - 4 scrolls of amnesia {unknown}
 y - 4 scrolls of teleportation
 z - a scroll of holy word {unknown}
 A - a scroll of immolation {unknown}
 E - 2 scrolls of random uselessness {unknown}
 H - 2 scrolls of noise {unknown}
 N - 2 scrolls of blinking {unknown}
 O - a scroll of silence {unknown}
 P - a scroll of fog {unknown}
Potions
 e - 7 potions of might {unknown}
 h - 3 potions of ambrosia {unknown}
 k - 4 potions of flight {unknown}
 l - 2 potions of heal wounds {unknown}
 m - 3 potions of lignification {unknown}
 o - 4 potions of curing {unknown}
 q - 4 potions of mutation
 s - 2 potions of haste {unknown}
 u - a potion of cancellation {unknown}
 v - 3 potions of agility {unknown}
 w - a potion of brilliance {unknown}
 F - a potion of degeneration {unknown}
Comestibles
 d - 20 rations


   Skills:
 - Level 1.5 Fighting
 - Level 1.9 Long Blades
 + Level 4.8 Dodging
 + Level 5.7 Stealth
 + Level 13.8 Spellcasting
 + Level 8.0 Conjurations
   Level 1.1 Summonings
 + Level 6.1 Translocations
 + Level 3.1 Fire Magic
 + Level 1.9 Air Magic
 + Level 2.2 Poison Magic
 + Level 1.1 Evocations


You had 24 spell levels left.
You knew the following spells:

 Your Spells              Type           Power        Failure   Level  Hunger
a - Magic Dart            Conj           ####         1%          1    None
b - Blink                 Tloc           N/A          1%          2    None
c - Conjure Flame         Conj/Fire      #####...     1%          3    None
d - Mephitic Cloud        Conj/Pois/Air  #####...     1%          3    None
e - Gell's Gravitas       Tloc           ######....   1%          3    None

Your spell library contained the following spells:

 Spells                   Type           Power        Failure   Level  Hunger
 Confusing Touch          Hex            ###...       1%          1    None
 Call Imp                 Summ           ###.....     1%          2    None
 Slow                     Hex            ###.....     1%          2    None
 Confuse                  Hex            ###.....     3%          3    None
 Petrify                  Tmut/Erth      ###.....     12%         4    None
 Metabolic Englaciation   Hex/Ice        ###.......   32%         5    ##.....
 Yara's Violent Unravell  Hex/Tmut       ###.......   32%         5    ##.....


Dungeon Overview and Level Annotations

Branches:
Dungeon (9/15)             Temple (1/1) D:5         Ossuary (visited)
   Lair: D:8-11         Orc: D:9-12

Altars:
Ashenzari
Cheibriados
Dithmenos
Elyvilon
Fedhas
Gozag
Hepliaklqana
Makhleb
Okawaru
Qazlal
Ru
Trog
Uskayaw
Vehumet
Yredelemnul
Zin
The Shining One
Jiyva

Shops:
D:4 %   D:6 =

Annotations:
D:6 exclusion: statue
D:7 2 transporters, Mryle's ghost, novice OpWz


Message History

The bullfrog appears confused.
The bullfrog closely misses the cyan ugly thing.
The centaur warrior is engulfed in blazing flames.
The cyan ugly thing is engulfed in blazing flames.
The bullfrog is engulfed in noxious fumes.
Unknown command.
Casting: Gell's Gravitas (safe; 1% risk of failure)
Confirm with . or Enter, or press ? or * to list all spells.
Aiming: Gell's Gravitas (safe; 1% risk of failure)
Press: ? - help, Dir - move target cursor, f - bullfrog
Aim: a bullfrog (flame, severely wounded, confused) Gravity reorients around the bullfrog.
The cyan ugly thing collides with the bullfrog!
You kill the bullfrog!
Something collides with the tengu conjurer!
The centaur warrior is engulfed in blazing flames.
The centaur warrior shoots an arrow.
The arrow hits you!!
Ouch! That really hurt!
You die...
Your body crumbles into a pile of gold. ......#.##.### #.###..###...#.... ......#..### #. #.#..###...... ......### ## .. #)#.#..###.... ......# : ## #.#.#.#..###.. ......# #) #.#.#.#.#..... #+###.# Q### #.#.#.#..###.. #.....#### cu#

#.#.#..###....
#.....#..### #ยง#
#.#..###......
#.....#.##(###
#@###..### #....
#.....#....#.###(#..###
#....
#.....###..#...##..##
#....
#.....#......#...###
#....
#.....###..#...###
+.... #..##.#....#.###
#.... #..#..#.##.###
#.... ......#..###
#.... ....)..###. +....


You could see a cyan ugly thing, a centaur warrior and a tengu conjurer.

Vanquished Creatures
  A two-headed ogre (D:9)
  Grinder (D:5)
  2 hippogriffs
  Sigmund (D:2)
  A yak (D:9)
  A wyvern (D:8)
  A hungry ghost (D:7)
  A wraith (Ossuary)
  Duvessa (D:5)
  A hornet zombie (D:9)
  4 orc warriors
  3 ice beasts
  A sky beast (D:9)
  3 phantoms
  2 ogres
  6 centaurs
  2 big kobolds
  2 bullfrogs (D:9)
  Dowan (D:5)
  A water moccasin skeleton (D:8)
  5 killer bees (D:8)
  6 howler monkeys
  2 crimson imps
  3 bullfrog zombies
  A quasit (D:9)
  3 orc priests
  2 centaur zombies
  4 hounds
  A jelly (D:8)
  7 orc wizards
  4 bullfrog skeletons
  A centaur skeleton (D:9)
  4 iguanas
  8 worker ants
  2 killer bee zombies
  A mummy (Ossuary)
  8 adders
  5 gnolls
  A howler monkey skeleton (D:4)
  A shadow imp (D:9)
  2 oozes
  2 adder zombies
  An adder skeleton (D:9)
  A worm (D:2)
  A dart slug (D:1)
  4 leopard geckos
  31 orcs
  11 bats
  7 giant cockroaches
  11 goblins
  4 hobgoblins
  17 jackals
  11 kobolds
  3 quokkas
  3 ball pythons
  4 frilled lizards
  3 gnoll skeletons (Ossuary)
  2 jackal skeletons (D:4)
  9 kobold skeletons (Ossuary)
  A leopard gecko skeleton (D:7)
  A leopard gecko zombie (D:8)
  13 orc skeletons (Ossuary)
  A quokka zombie (D:9)
  5 rats
253 creatures vanquished.

Vanquished Creatures (others)
  A killer bee (D:8)
1 creature vanquished.

Grand Total: 254 creatures vanquished

Notes
Turn   | Place    | Note
-------+----------+-------------------------------------------
     0 | D:1      | H0rd4k the Deep Elf Wizard began the quest for the Orb.
     0 | D:1      | Reached XP level 1. HP: 10/10 MP: 7/7
   285 | D:1      | Reached skill level 5 in Spellcasting
   285 | D:1      | Reached XP level 2. HP: 15/15 MP: 1/10
   802 | D:1      | Reached XP level 3. HP: 19/19 MP: 2/12
  1242 | D:2      | Noticed Sigmund
  1449 | D:2      | Reached skill level 6 in Spellcasting
  1628 | D:2      | Reached XP level 4. HP: 24/24 MP: 5/14
  1866 | D:3      | Learned a level 2 spell: Blink
  1870 | D:3      | Learned a level 3 spell: Conjure Flame
  1874 | D:3      | Learned a level 3 spell: Mephitic Cloud
  2215 | D:3      | Found a burning altar of Makhleb.
  2766 | D:3      | Found a glowing golden altar of the Shining One.
  2962 | D:4      | Found Evuur's Food Shop.
  2971 | D:4      | Reached XP level 5. HP: 15/28 MP: 6/16
  3083 | D:4      | Found a glowing golden altar of the Shining One.
  3270 | D:4      | Found a sand-covered staircase.
  3275 | Ossuary  | Entered an ossuary
  3275 | Ossuary  | Noticed a wraith
  3275 | Ossuary  | Noticed a wraith
  3275 | Ossuary  | Noticed a wraith
  3612 | Ossuary  | Noticed a wraith
  3637 | Ossuary  | Killed a wraith
  3637 | Ossuary  | Reached skill level 7 in Spellcasting
  3637 | Ossuary  | Reached XP level 6. HP: 33/33 MP: 3/18
  3998 | D:4      | Reached skill level 8 in Spellcasting
  4068 | D:4      | Reached skill level 1 in Fire Magic
  4651 | D:5      | Entered Level 5 of the Dungeon
  4706 | D:5      | Reached XP level 7. HP: 37/37 MP: 15/20
  5039 | D:5      | Found a staircase to the Ecumenical Temple.
  5040 | D:5      | Noticed Dowan
  5100 | D:5      | You fall into a shaft and drop 3 floors!
  5117 | D:8      | Reached skill level 5 in Conjurations
  5244 | D:8      | Reached skill level 1 in Poison Magic
  5343 | D:8      | Noticed a wyvern
  5356 | D:8      | Found a glowing silver altar of Zin.
  5475 | D:8      | Reached skill level 9 in Spellcasting
  5488 | D:7      | Noticed a hungry ghost
  5541 | D:7      | Found a transporter.
  5578 | D:8      | Reached XP level 8. HP: 14/42 MP: 10/23
  5768 | D:8      | Reached skill level 1 in Fighting
  5768 | D:8      | Reached skill level 1 in Air Magic
  5985 | D:8      | Found a blossoming altar of Fedhas.
  6000 | D:8      | Reached skill level 1 in Evocations
  6124 | D:8      | Reached skill level 10 in Spellcasting
  6447 | D:8      | Noticed a hippogriff
  6455 | D:8      | Killed a hippogriff
  6478 | D:8      | Reached skill level 11 in Spellcasting
  6484 | D:8      | Learned a level 3 spell: Gell's Gravitas
  6531 | D:7      | Reached XP level 9. HP: 42/47 MP: 13/26
  6705 | D:7      | Found the +8 autumn katana {slice, Clar}
  6708 | D:7      | Found a transporter.
  6718 | D:7      | Noticed Mryle's ghost (novice OpWz)
  7139 | D:7      | Found a snail-covered altar of Cheibriados.
  7206 | D:7      | Reached skill level 1 in Long Blades
  7252 | D:7      | Found a basalt altar of Yredelemnul.
  7599 | D:6      | Found Gel Odow's Jewellery Shoppe.
  7678 | D:6      | Found a radiant altar of Vehumet.
  7785 | D:6      | Reached skill level 12 in Spellcasting
  7922 | D:6      | Found a shadowy altar of Dithmenos.
  8251 | D:6      | Found a hazy altar of Hepliaklqana.
  8256 | D:6      | Reached skill level 5 in Stealth
  8464 | D:5      | Found a blossoming altar of Fedhas.
  8870 | D:5      | Noticed Grinder
  8871 | D:5      | Paralysed by Grinder for 6 turns
  8892 | D:5      | Killed Grinder
  9407 | D:5      | Noticed Duvessa
  9428 | D:5      | Killed Duvessa
  9571 | D:5      | Killed Dowan
  9571 | D:5      | Reached XP level 10. HP: 32/52 MP: 18/28
  9827 | Temple   | Entered the Ecumenical Temple
  9840 | Temple   | Became a worshipper of Gozag Ym Sagoz the Greedy
 10008 | D:2      | Killed Sigmund
 10238 | D:9      | Found a bloodstained altar of Trog.
 10238 | D:9      | Found an iron altar of Okawaru.
 10257 | D:9      | Found a stormy altar of Qazlal.
 10360 | D:9      | Reached skill level 13 in Spellcasting
 10631 | D:9      | Noticed a two-headed ogre
 10648 | D:9      | Reached skill level 5 in Translocations
 10676 | D:9      | Killed a two-headed ogre
 11318 | D:9      | Noticed a cyan ugly thing
 11318 | D:9      | Noticed a centaur warrior
 11326 | D:9      | Shot with an arrow by a centaur warrior

Levels and vault maps discovered:
D:1:      dpeg_arrival_radiant, layout_basic
D:2:      layout_rooms, first_ration, uniq_sigmund
D:3:      layout_loops_corners, lemuel_round_altar, lemuel_round_altar
D:4:      layout_cave_pods, serial_shops, nicolae_shop_stone, enter_ossuary_2,
          nicolae_tso_swordbearing_angel
D:5:      layout_basic, minmay_temple_entry_crystal_x, dk_vineyard_3,
          fedhas_ov_isle_minmay, uniq_duvessa, uniq_grinder
D:6:      layout_loops_cross, marbit_many_paths, lemuel_doored_altar,
          vehumet_statue, serial_shops, shop
D:7:      layout_loops_ring, kennysheep_mini, kennysheep_little_box,
          gammafunk_ghost_stat_death, roderic_lattice_a, grunt_tough_drop
D:8:      layout_basic, lemuel_round_altar, overflow_temple_1_default,
          blue_anna_alchemist [blue_anna_fruit_fields, blue_anna_fruit_fields]
D:9:      minmay_the_grid_triangle_9x9_recursive_2
          [minmay_the_grid_triangle_9x9_prize_center,
          minmay_the_grid_triangle_9x9_dagger,
          minmay_the_grid_triangle_9x9_alien,
          minmay_the_grid_triangle_9x9_flanged_cone], layout_gridville,
          lemuel_zombie_altar_kikubaaqudgha, grunt_temple_overflow_open
Temple:   pf_slimified_temple

Skill      XL: |  1  2  3  4  5  6  7  8  9 10 |
---------------+-------------------------------+-----
Spellcasting   | 5 6 7 8 9 11 12 13 | 13.8
Conjurations   | 2 3 4 5 6 7 8 |  8.0
Stealth        | 3 4 5 |  5.7
Fire Magic     | 1 2 3 |  3.1
Dodging        | 3 4 |  4.8
Poison Magic   | 1 2 |  2.2
Fighting       | 1 |  1.5
Air Magic      | 1 |  1.9
Evocations     | 1 |  1.1
Translocations | 2 4 6 |  6.1
Long Blades    | 1 |  1.9
Summonings     | |  1.1

Action                   |  1- 3 |  4- 6 |  7- 9 | 10-12 || total
-------------------------+-------+-------+-------+-------++-------
Melee: Staff             |       |       |     1 |       ||     1
       Katana            |       |       |    52 |       ||    52
 Cast: Magic Dart        |   105 |   162 |   210 |    83 ||   560
       Conjure Flame     |       |    19 |    32 |    19 ||    70
       Mephitic Cloud    |       |     6 |    17 |     1 ||    24
       Blink             |       |     1 |    13 |     2 ||    16
       Gell's Gravitas   |       |       |    23 |    27 ||    50
Evoke: Wand              |       |     3 |     3 |       ||     6
  Use: Scroll            |       |       |     4 |       ||     4
 Stab: Distracted        |       |       |     1 |       ||     1
       Sleeping          |       |       |     4 |       ||     4
  Eat: Chunk             |     2 |     5 |    11 |       ||    18
       Ration            |       |     1 |     2 |     2 ||     5
Armor: Robe              |     5 |     2 |     8 |     6 ||    21
Dodge: Dodged            |    24 |    13 |    89 |    36 ||   162
       Deflected         |       |       |    11 |     2 ||    13
       Rpst.: Katana     |       |       |    14 |     1 ||    15
